 Dungeon Crawl Stone Soup version 0.31-a0-1603-gbec6b6ccbf (webtiles) character file.

Game seed: 6059015153130661691

2739 Xavori the Shield-Bearer (level 10, -7/115 HPs)
             Began as a Djinni Chaos Knight on Jan 7, 2024.
             Was a Plaything of Xom.
             Mangled by an entropy weaver (11 damage)
             ... on level 7 of the Dungeon.
             The game lasted 00:07:46 (6216 turns).

Xavori the Shield-Bearer (Djinni Chaos Knight)      Turns: 6216, Time: 00:07:46

Health: -7/115     AC: 13    Str:  9    XL:     10   Next: 0%
Gold:   250        EV:  2    Int: 17    God:    Xom [.....*] SH: 26 Dex: 20

rFire   . . .        x - +1 long sword (vamp)
rCold   . . .        f - +10 tower shield of Ignorance {rN+ Int-4}
rNeg    + . .        t - melded +3 leather armour {rC+}
rPois   ∞            (helmet currently unavailable)
rElec   .            z - melded +0 cloak
rCorr   .            (gloves currently unavailable)
SInv    .            (boots unavailable)
Will    +....        (no amulet)
Stlth   ++           (no ring)
HPRegen 0.39/turn    (no ring)
MPRegen 0.00/turn

%: infuse magic (-8 HP)
@: brilliant, tree-form (expiring), corroded, attractive, hasted, invisible,
very quick
A: stationary, stasis, torment immunity, boosted hp, sickness immunity, (fire
resistance 2), (cold vulnerability 1), float, innate caster, HP casting, extra
vitality 1, (horns 1), agile 2, clever 2, robust 1, (shaggy fur 1), (sturdy
frame 1)
a: Renounce Religion


You were on level 7 of the Dungeon.
You worshipped Xom.
You were Xom's teddy bear.
You were a tree.
You visited 1 branch of the dungeon, and saw 7 of its levels.

You collected 250 gold pieces.

Inventory:

Hand Weapons
 a - a +1 falchion of chaos
 x - a +1 vampiric long sword (weapon)
Missiles
 y - 2 throwing nets
Armour
 f - the +10 tower shield of Ignorance (worn) {rN+ Int-4}
   (You found it on level 2 of the Dungeon)

   Int-4:     It affects your intelligence (-4).
   rN+:       It protects you from negative energy.
 t - a +3 leather armour of cold resistance (melded)
 z - a +0 cloak (melded)
Wands
 l - a wand of polymorph (8)
Scrolls
 c - a scroll of butterflies
 e - 2 scrolls of enchant armour
 h - a scroll of enchant weapon
 m - a scroll of fog
 p - a scroll of blinking
 q - a scroll of torment
 r - 4 scrolls of teleportation
 s - a scroll of vulnerability
 v - a scroll of revelation {unknown}
Potions
 i - a potion of haste
 k - a potion of lignification
 u - a potion of heal wounds


   Skills:
 + Level 5.4 Fighting
 + Level 5.0 Long Blades
 + Level 4.5 Armour
 + Level 5.4 Dodging
 * Level 6.3 Shields
 * Level 4.6 Spellcasting
 * Level 4.6 Conjurations
 * Level 4.6 Hexes
   Level 0.0 Charms
 * Level 4.6 Summonings
 * Level 4.6 Necromancy
 * Level 4.6 Translocations
   Level 0.0 Transmutations
 * Level 4.6 Fire Magic
 * Level 4.6 Ice Magic
 * Level 4.6 Air Magic
 * Level 4.6 Earth Magic
 * Level 4.6 Alchemy


You knew the following spells:

 Your Spells              Type           Power      Damage    Failure   Level
a - Sandblast             Erth           58%        2d13      45%         1
b - Call Imp              Summ           58%        N/A       61%         2
c - Blink                 Tloc           58%        N/A       61%         2
d - Petrify               Alch/Erth      29%        N/A       99%         4
Your spell library was empty.

Dungeon Overview and Level Annotations

Branches:
Dungeon (7/15)             Temple (0/1) D:4

Altars:
Ashenzari
Hepliaklqana
Ru
Wu Jian
Xom


Innate Abilities, Weirdness & Mutations

You are a tree.
Your roots penetrate the ground, keeping you stationary.
You cannot be teleported.
You are immune to unholy pain and torment.
Your maximum health is greatly increased.
Your equipment is partially melded.
You are immune to sickness and miasma.
You are immune to poison.
((Your flesh is very heat resistant. (rF++)))
((You are vulnerable to cold. (rC-)))
You float through the air rather than walking.
You learn spells naturally, not from books.
Your magical power is your life essence.
You have superior vitality. (+4 MHP)
((You have a pair of small horns on your head.))
You are very agile. (Dex +8, Str/Int -2)
Your mind is very acute. (Int +8, Str/Dex -2)
You are robust. (+10% HP)
((You are covered in fur. (AC +1)))
((Your movements are slightly less encumbered by armour. (ER -2)))


Message History

You hit the entropy weaver but do no damage.
The entropy weaver is moderately wounded.
You block the entropy weaver's attack.
The entropy weaver hits you but does no damage. x2
You block the entropy weaver's attack. x2
The entropy weaver hits you but does no damage.
You block the entropy weaver's attack. The entropy weaver hits you.
* * * LOW HITPOINT WARNING * * *
You closely miss the entropy weaver.
The entropy weaver is moderately wounded.
The entropy weaver completely misses you.
You block the entropy weaver's attack. x2
The entropy weaver hits you but does no damage.
You closely miss the entropy weaver.
The entropy weaver is moderately wounded.
Your transformation is almost over.
The entropy weaver hits you!
* * * LOW HITPOINT WARNING * * *
You block the entropy weaver's attack. x3; The entropy weaver hits you!
* * * LOW HITPOINT WARNING * * *
The entropy weaver hits you.
* * * LOW HITPOINT WARNING * * *
The entropy weaver hits you but does no damage.
You block the entropy weaver's attack.
You closely miss the entropy weaver.
The entropy weaver is moderately wounded.
You block the entropy weaver's attack.
The entropy weaver hits you but does no damage.
You block the entropy weaver's attack. The entropy weaver hits you.
* * * LOW HITPOINT WARNING * * *
Unknown command.
You completely miss the entropy weaver.
The entropy weaver is moderately wounded.
You block the entropy weaver's attack. x4
Unknown command.
You barely miss the entropy weaver.
The entropy weaver is moderately wounded.
You block the entropy weaver's attack. x3; The entropy weaver hits you!
You die...
Xom giggles madly!

#.....................
#.####..#####.#####.##
# ##.# #_.# #.# #.#
#.#_..###..# #.# #.#
#.._b_.....# #.# #.#
###...#.###.# #.# #.#
####.#.## #.# #.# #.#
#.......b## .# #.# #.#
#_###.###♣# # #.# #.#
... #B# #_# #b. #.
.#.. # # ###


You could see an entropy weaver.

Vanquished Creatures
  Joseph (D:7)
  A spriggan (D:7)
  Menkaure (D:7)
  2 black bears
  4 ogres
  2 ice beasts
  A boggart (D:4)
  A centaur (D:7)
  A kobold brigand (D:7)
  A scorpion (D:6)
  5 wights (D:6)
  A bombardier beetle (D:6)
  A hound (D:6)
  A jelly (D:5)
  An orc priest (D:6)
  Crazy Yiuf (D:6)
  2 gnoll boudas
  A sleepcap (D:4)
  15 gnolls
  6 adders
  2 shadow imps
  A white imp (D:7)
  4 ufetubi (D:6)
  2 dart slugs
  6 orcs
  7 ball pythons
  4 bats
  7 endoplasms
  2 giant cockroaches
  2 hobgoblins
  8 kobolds
  A quokka (D:3)
  2 frilled lizards
  10 goblins
  5 rats
  A spectral kobold (D:6)
113 creatures vanquished.

Vanquished Creatures (collateral kills)
  A water moccasin (D:5)
  A phantom (D:5)
  A bullfrog (D:6)
  Jessica (D:2)
  2 iguanas (D:5)
  A sleepcap (D:5)
  Robin (D:2)
  An adder (D:2)
  A white imp (D:5)
  An ufetubus (D:6)
  An orc (D:6)
  A giant cockroach (D:2)
  A goblin (D:2)
  2 hobgoblins (D:2)
  A kobold (D:2)
  A rat (D:2)
18 creatures vanquished.

Vanquished Creatures (others)
  An orc wizard (D:6)
  An ufetubus (D:6)
  A rat zombie (D:2)
3 creatures vanquished.

Grand Total: 134 creatures vanquished

Notes
Turn   | Place    | Note
-------+----------+-------------------------------------------
     0 | D:1      | Xavori the Djinni Chaos Knight began the quest for the Orb.
     0 | D:1      | Reached XP level 1. HP: 20/20 MP: 0/0
    47 | D:1      | You are sucked into a shaft and drop 1 floor!
    47 | D:2      | Found the +10 tower shield of Ignorance {rN+ Int-4}
    51 | D:2      | XOM: potion effect (invisibility)
    60 | D:2      | Reached XP level 2. HP: 25/25 MP: 0/0
   200 | D:1      | XOM: potion effect (invisibility)
   340 | D:1      | Found a faded altar of an unknown god.
   915 | D:1      | XOM: silly message
  1265 | D:1      | XOM: noise
  1557 | D:1      | XOM: stat loss: -1 Dex (11/12)
  1675 | D:1      | XOM: god gift: 24 gold pieces
  1718 | D:1      | XOM: give mutations
  1718 | D:1      | Gained mutation: You have a pair of small horns on your
                  | head. [Xom's grace]
  1718 | D:1      | Gained mutation: You are robust. (+10% HP) [Xom's grace]
  1718 | D:1      | Gained mutation: Your natural rate of healing is unusually
                  | fast. [Xom's grace]
  1796 | D:1      | XOM: give mutations
  1796 | D:1      | Gained mutation: Your body sometimes deteriorates upon
                  | taking damage. [Xom's mischief]
  1796 | D:1      | Gained mutation: Your movements are slightly less
                  | encumbered by armour. (ER -2) [Xom's mischief]
  2202 | D:2      | Reached XP level 3. HP: 33/33 MP: 0/0
  2202 | D:2      | Learned a level 1 spell: Sandblast
  2208 | D:2      | XOM: god gift: staff of cold
  2212 | D:2      | XOM: confuse monster(s)
  2213 | D:2      | Reached skill level 1 in Shields
  2248 | D:2      | XOM: give mutations
  2248 | D:2      | Gained mutation: You are agile. (Dex +4, Str/Int -1) [Xom's
                  | grace]
  2248 | D:2      | Gained mutation: Your mind is acute. (Int +4, Str/Dex -1)
                  | [Xom's grace]
  2248 | D:2      | Gained mutation: Your mind is very acute. (Int +8, Str/Dex
                  | -2) [Xom's grace]
  2275 | D:2      | XOM: enchant monster (good)
  2280 | D:2      | Reached skill level 1 in Spellcasting
  2280 | D:2      | Reached skill level 1 in Conjurations
  2280 | D:2      | Reached skill level 1 in Hexes
  2280 | D:2      | Reached skill level 1 in Summonings
  2280 | D:2      | Reached skill level 1 in Necromancy
  2280 | D:2      | Reached skill level 1 in Translocations
  2280 | D:2      | Reached skill level 1 in Fire Magic
  2280 | D:2      | Reached skill level 1 in Ice Magic
  2280 | D:2      | Reached skill level 1 in Air Magic
  2280 | D:2      | Reached skill level 1 in Earth Magic
  2280 | D:2      | Reached skill level 1 in Alchemy
  2280 | D:2      | Reached XP level 4. HP: 38/38 MP: 0/0
  2285 | D:2      | Noticed Robin
  2288 | D:2      | Identified the +6 dagger of Jeokieli {flame, rC++}
  2303 | D:2      | Killed Robin
  2321 | D:2      | Noticed Jessica
  2326 | D:2      | Killed Jessica
  2327 | D:2      | Reached XP level 5. HP: 44/44 MP: 0/0
  2327 | D:2      | Learned a level 2 spell: Call Imp
  2587 | D:2      | XOM: scenery: create altars
  2759 | D:3      | XOM: scenery: create altars
  2791 | D:3      | Reached skill level 2 in Shields
  2865 | D:3      | XOM: cloud trail
  3142 | D:3      | Found a sacrificial altar of Ru.
  3190 | D:3      | XOM: cloud trail
  3547 | D:4      | XOM: noise
  3558 | D:4      | Reached XP level 6. HP: 50/50 MP: 0/0
  3596 | D:4      | Found a staircase to the Ecumenical Temple.
  3641 | D:4      | Found an ornate altar of the Wu Jian Council.
  3650 | D:4      | Noticed a black bear
  3655 | D:4      | Killed a black bear
  3742 | D:4      | Noticed Eustachio
  3784 | D:4      | XOM: enchant monster (bad)
  3793 | D:4      | XOM: divination: detect creatures
  3796 | D:4      | XOM: cast spell 'Summon Ice Beast'
  3812 | D:4      | XOM: noise
  3829 | D:4      | XOM: chaos cloud
  3841 | D:4      | XOM: swap monsters
  3842 | D:4      | Eustachio changed into Eustachio the boggart
  3842 | D:4      | Noticed Eustachio
  3844 | D:4      | Killed Eustachio the boggart
  3845 | D:4      | Reached skill level 3 in Shields
  3845 | D:4      | Reached XP level 7. HP: 56/56 MP: 0/0
  3845 | D:4      | Learned a level 2 spell: Blink
  3969 | D:4      | Found a broken altar of Ashenzari.
  4091 | D:5      | Entered Level 5 of the Dungeon
  4097 | D:5      | XOM: 4-stop teleportation journey
  4303 | D:5      | Noticed a water moccasin
  4309 | D:5      | XOM: summons 7 friendly demons
  4314 | D:5      | Killed a water moccasin
  4406 | D:5      | Reached XP level 8. HP: 63/63 MP: 0/0
  4470 | D:5      | XOM: scenery: 2 doors open
  4490 | D:5      | Reached skill level 4 in Shields
  4612 | D:5      | XOM: god gift: scroll of teleportation
  4684 | D:5      | XOM: scenery: 1 doors open
  4734 | D:5      | XOM: god gift: scroll labelled CICENE TAUDDYO {god gift}
  4911 | D:5      | XOM: cloud trail
  4997 | D:5      | XOM: scenery: 1 doors close
  5045 | D:6      | Found a runed translucent door.
  5046 | D:6      | Noticed Crazy Yiuf
  5079 | D:6      | XOM: 6-stop teleportation journey
  5097 | D:6      | XOM: scenery: create altars
  5137 | D:6      | XOM: summons 2 friendly demons
  5142 | D:6      | XOM: divination: detect creatures
  5146 | D:6      | XOM: confuse monster(s)
  5331 | D:6      | XOM: enchant monster (good)
  5337 | D:6      | Reached skill level 5 in Shields
  5337 | D:6      | Reached XP level 9. HP: 69/69 MP: 0/0
  5337 | D:6      | Learned a level 4 spell: Petrify
  5337 | D:6      | XOM: confuse monster(s)
  5367 | D:6      | XOM: repel stairs
  5719 | D:6      | XOM: noise
  5743 | D:6      | Found a hazy altar of Hepliaklqana.
  5909 | D:6      | Killed Crazy Yiuf
  5910 | D:6      | Reached skill level 5 in Fighting
  5931 | D:7      | XOM: noise
  5952 | D:7      | XOM: blink monster(s)
  5955 | D:7      | XOM: stat loss: -1 Str (9/10)
  5968 | D:7      | XOM: smoke on damage
  6005 | D:7      | Reached skill level 5 in Dodging
  6011 | D:7      | XOM: polymorph sky beast -> spriggan
  6018 | D:7      | XOM: 1-stop teleportation journey
  6024 | D:7      | Noticed Joseph
  6048 | D:7      | Killed Joseph
  6049 | D:7      | Reached skill level 6 in Shields
  6110 | D:7      | Noticed Menkaure
  6115 | D:7      | Killed Menkaure
  6145 | D:7      | XOM: confusion
  6160 | D:7      | Reached skill level 5 in Long Blades
  6160 | D:7      | Reached XP level 10. HP: 77/77 MP: 0/0
  6187 | D:7      | XOM: scenery: create altars
  6189 | D:7      | a black bear changed into an entropy weaver
  6189 | D:7      | Noticed an entropy weaver
  6189 | D:7      | XOM: polymorph black bear -> entropy weaver
  6192 | D:7      | XOM: potion effect (brilliance)
  6197 | D:7      | Lost mutation: Your body sometimes deteriorates upon taking
                  | damage. [potion of mutation]
  6197 | D:7      | Lost mutation: Your natural rate of healing is unusually
                  | fast. [potion of mutation]
  6197 | D:7      | Gained mutation: You are very agile. (Dex +8, Str/Int -2)
                  | [potion of mutation]
  6197 | D:7      | Gained mutation: You are covered in fur. (AC +1) [potion of
                  | mutation]
  6200 | D:7      | XOM: scenery: summon butterflies
  6214 | D:7      | HP: 3/115 [entropy weaver (3)]
  6216 | D:7      | Mangled by an entropy weaver

Illustrated notes

Levels and vault maps discovered:
D:1:      psy_arrival_heroes, layout_loops_ring,
          hellmonk_ecumenical_altar_leap_of_faith
D:2:      cheibrodos_fertilizer, layout_basic, uniq_robin, uniq_jessica
D:3:      layout_basic, mainiacjoe_overflow_tiny_flanked
D:4:      layout_rooms, mainiacjoe_overflow_boulevard, kennysheep_mini,
          minmay_temple_entry_from_below_a, uniq_eustachio
D:5:      layout_gridville
D:6:      layout_loops_ring, nicolae_hepliaklqana_monster_ancestors,
          patterned_corridor, uniq_crazy_yiuf_cottage
D:7:      layout_loops_ring, uniq_joseph, uniq_menkaure

Skill      XL: |  1  2  3  4  5  6  7  8  9 |
---------------+----------------------------+-----
Shields        | 1 2 3 5 6 |  6.3
Spellcasting   | 1 2 3 4 |  4.6
Conjurations   | 1 2 3 4 |  4.6
Hexes          | 1 2 3 4 |  4.6
Summonings     | 1 2 3 4 |  4.6
Necromancy     | 1 2 3 4 |  4.6
Translocations | 1 2 3 4 |  4.6
Fire Magic     | 1 2 3 4 |  4.6
Ice Magic      | 1 2 3 4 |  4.6
Air Magic      | 1 2 3 4 |  4.6
Earth Magic    | 1 2 3 4 |  4.6
Alchemy        | 1 2 3 4 |  4.6
Long Blades    | 3 4 5 |  5.0
Armour         | 2 3 4 |  4.5
Dodging        | 3 4 5 |  5.4
Fighting       | 4 5 |  5.4

Action                     |  1- 3 |  4- 6 |  7- 9 | 10-12 || total
---------------------------+-------+-------+-------+-------++-------
  Melee: Falchion          |    71 |   157 |   154 |       ||   382
         Headbutt          |     4 |    33 |    57 |     2 ||    96
         Long sword        |       |       |   145 |    18 ||   163
    Use: Scroll            |       |       |     7 |       ||     7
         Potion            |       |       |     1 |     9 ||    10
   Stab: Invisible         |     1 |       |       |       ||     1
         Petrified         |     2 |       |     2 |       ||     4
         Confused          |     1 |       |     1 |       ||     2
         Paralysed         |       |     3 |       |       ||     3
         Petrifying        |       |       |     1 |       ||     1
 Armour: Leather armour    |    17 |   110 |   169 |     6 ||   302
         Skin              |       |       |       |    52 ||    52
  Dodge: Dodged            |    13 |    41 |   112 |     4 ||   170
  Block: Tower shield      |    65 |   277 |   540 |    74 ||   956

Table legend: (Time is in decaauts)
 A = Elapsed time spent in this place.
 B = Non-inter-level travel time spent in this place.
 C = Inter-level travel time spent in this place.
 D = Time resting spent in this place.
 E = Time spent auto-exploring this place.
 F = Levels seen in this place.
 G = Mean time per level.
                   A        B        C        D        E       F      G
               +--------+--------+--------+--------+--------+-----+--------+
         Total |   6558 |   6405 |    153 |   1463 |   3559 |   7 |  936.9 |
       Dungeon |   6558 |   6405 |    153 |   1463 |   3559 |   7 |  936.9 |
               +--------+--------+--------+--------+--------+-----+--------+

Top non-repeatable levels by time:
     D:1: 2060 daAuts
     D:5: 982 daAuts
     D:6: 980 daAuts
     D:3: 837 daAuts
     D:2: 718 daAuts
     D:4: 624 daAuts
     D:7: 353 daAuts
